[Event "Late-Titled-Tuesday-Blitz-October-03-2023"]
[Site "Chess.com"]
[Date "2023.10.03"]
[Round "3"]
[White "maxip32"]
[Black "Veleamater"]
[Result "1-0"]
[WhiteElo "2547"]
[BlackElo "2322"]
[TimeControl "180+1"]
[EndTime "14:27:36 PDT"]
[Termination "maxip32 won on time"]

1. e4 d6 2. d4 g6 3. Nc3 Bg7 4. Be3 Nf6 5. f3 O-O 6. Qd2 Nc6 7.
Nge2 e5 8. d5 Ne7 9. O-O-O h5 10. h3 a6 11. g4 h4 12. Bg5 b5 13. Bxh4 Bd7 14. Bg5 a5 15. h4 Nh7 16. Bh6 b4 17. Nb1 f5 18. Bxg7 Kxg7 19. gxf5 gxf5 20. Rg1+ Kh8 21.
Qh6 Rf7 22. Ng3 f4 23. Nh5 Qf8 24. Qxf8+ Nxf8 25. Be2 Nfg6 26. Rg5 Nxh4 27. Rh1 Neg6 28. Nd2 Raf8 29. Nxf4 Rh7 30. Nxg6+ Nxg6 31. Rxh7+ Kxh7 32. Nf1 Nf4 33. Kd2 Kh6 34. Rg3 a4 35. Ne3 Kh5 36. Bf1 Rf7 37. Ng2 Nxg2 38. Bxg2 Kh4 39. Rg8 Rh7 40. Ke3 Bb5 41. f4 exf4+ 42. Kxf4 Rf7+ 43. Ke3 Bf1 44. Bf3 Bh3 45. Rh8+ Kg3 46. Rg8+ Kh4 47. c4 bxc3 48. bxc3 Rh7 49. c4 Bd7 50. e5 dxe5 51. c5 Bb5 52. Be4 Rf7 53. Bf3 Rf4 54. Rg7 Rc4 55. Rxc7 Rc3+ 56. Ke4 Kg3 57. Bd1 Rc1 58. Bxa4 Bxa4 59. Kxe5 1-0

[Event "Late-Titled-Tuesday-Blitz-October-03-2023"]
[Site "Chess.com"]
[Date "2023.10.03"]
[Round "3"]
[White "crazy_but_lazy"]
[Black "i_like_explosions"]
[Result "1-0"]
[WhiteElo "2583"]
[BlackElo "2383"]
[TimeControl "180+1"]
[EndTime "14:27:38 PDT"]
[Termination "crazy_but_lazy won by resignation"]

1. e4 c5 2. Nf3 Nc6 3. d4 cxd4 4.
Nxd4 Nf6 5. Nc3 e5 6. Ndb5 d6 7.
Bg5 a6 8. Na3 b5 9. Nd5 Be7 10.
Bxf6 Bxf6 11. c4 b4 12. Nc2 a5 13. g3 O-O 14. Bg2 g6 15. O-O Bg7 16. Qd3 Be6 17.
Rad1 Qb8 18. Kh1 a4 19. b3 Qb7 20. f4 Bxd5 21. Qxd5 axb3 22. axb3 Ra2 23. Ne3 Qc7 24.
c5 dxc5 25. Qxc5 exf4 26. Nd5 Qe5 27. Qxc6 fxg3 28. Qc7 Qxc7 29. Nxc7 gxh2 30. Nd5 Rb2 31. Rd3 Rb8 32. Kxh2 Be5+ 33. Kh1 Kg7 34. Ne3 Bc3 35.
Rd7 Rf8 36. Nc4 Rxb3 37. e5 Bb2 38. e6 Bf6 39. Nd6 Rd3 40. Ne8+ Rxe8 41. Rxd3 Rxe6 42.
Bd5 Re7 43. Rdf3 Bc3 44. Rxf7+ Rxf7 45. Rxf7+ Kh6 46. Kg2 g5 47. Be4 Kh5 48. Rxh7+ Kg4 49. Rf7 Kh4 50. Bf3 g4 51. Rf4 Kh5 52. Rxg4 Kh6 53. Be4 b3 54. Bb1 b2 55. Kf3 Bg7 56. Ke4 Bf6 57. Kf5 Bc3 58. Rg6+ Kh5 59. Rg3 Be1 60. Rh3+ Bh4 61. Kf4 1-0

[Event "Late-Titled-Tuesday-Blitz-October-03-2023"]
[Site "Chess.com"]
[Date "2023.10.03"]
[Round "3"]
[White "SanchezKelvin"]
[Black "PapaieDudu"]
[Result "0-1"]
[WhiteElo "2562"]
[BlackElo "2395"]
[TimeControl "180+1"]
[EndTime "14:27:39 PDT"]
[Termination "PapaieDudu won on time"]

1. e4 c5 2. Nf3 d6 3. d4 cxd4 4. Nxd4 Nf6 5. Nc3 a6 6. Bg5 e6 7. f4 Nbd7 8. Qf3 Qc7 9. O-O-O b5 10. a3 Rb8 11. Bd3 Be7 12. g4 b4 13. axb4 Rxb4 14.
Nb3 O-O 15. Kb1 Bb7 16. Qh3 Rc8 17. Rhe1 h6 18. Bh4 Nc5 19. e5 Nxd3 20. Qxd3 dxe5 21. fxe5 Nxg4 22. Bxe7 Qxe7 23. Qe2 Qh4 24. Rd7 Rd8 25. Rxd8+ Qxd8 26. Rg1 Qh4 27. Nc5 Bc8 28. Nd3 Qxh2 29. Qxh2 Nxh2 30. Nxb4 Nf3 31. Rd1 Bb7 32. Nd3 g6 33. Na4 Ng5 34. Nac5 Bf3 35. Re1 Bg4 36. Nxa6 Nf3 37. Re4 Nd2+ 38. Kc1 Nxe4 39. Nac5 Ng5 40.
Kd2 h5 41. Ke3 Kg7 42. c4 Nf3 43. b4 Kf8 44. b5 Ke7 45. Ne4 Bf5 46. Nd6 Bxd3 47. Kxd3 Nxe5+ 48. Kd4 Kxd6 49. c5+ Kc7 50. Kxe5 h4 51. Kf4 g5+ 52. Kg4 f5+ 53. Kxg5 h3 54. Kf6 h2 55. Kxe6 h1=Q 56. b6+ Kc6 57. b7 Qd5+ 58. Ke7 Kxb7 59. Kf6 f4 0-1

[Event "Late-Titled-Tuesday-Blitz-October-03-2023"]
[Site "Chess.com"]
[Date "2023.10.03"]
[Round "3"]
[White "vugarrasulov"]
[Black "Russian_berezka"]
[Result "1/2-1/2"]
[WhiteElo "2944"]
[BlackElo "2648"]
[TimeControl "180+1"]
[EndTime "14:27:40 PDT"]
[Termination "Game drawn - insufficient material"]

1. Nf3 c5 2. e4 Nf6 3. Nc3 d5 4. exd5 Nxd5 5. Bb5+ Bd7 6. Bc4 Nb6 7. Be2 Nc6 8. d4 cxd4 9. Nxd4 e5 10. Ndb5 a6 11.
Nd6+ Bxd6 12. Qxd6 Qe7 13. Qxe7+ Nxe7 14. Bd2 Bc6 15. f3 O-O-O 16. O-O-O f6 17. Ne4 Kc7 18. Ba5 Bxe4 19. fxe4 Nc6 20. Be1 Rxd1+ 21. Bxd1 Nc4 22. Bf2 Nd6 23. Re1 Rd8 24. c3 b5 25. Bc2 Na5 26. b3 Kc6 27. g4 Nab7 28. Rd1 Nc5 29. Rd5 Ne6 30. a4 Nf7 31. axb5+ axb5 32. b4 Nfg5 33.
h4 Nh3 34. Be3 Nhf4 35. Rxd8 Nxd8 36. Bb3 g5 37. hxg5 fxg5 38. Kd2 Nde6 39. Ba2 h6 40. c4 Nd4 41. c5 Nf3+ 42. Kd1 Nh2 43. Bf7 Nxg4 44.
Bxf4 gxf4 45. Be8+ Kc7 46. Bxb5 h5 47. Ke2 h4 48. Kf3 h3 49. Bf1 h2 50. Bg2 Ne3 51.
Bh1 Nc2 52. b5 Nd4+ 53. Kg2 Nxb5 54. Kxh2 Kc6 55. Kh3 Kxc5 56. Kg4 Kd4 57. Bg2 Nd6 58. Bf1 Nxe4 59. Ba6 Nd6 60. Kf3 Nf5 61. Bb7 Ne7 62.
Ba8 Nf5 63. Bb7 Kc5 64. Ke4 Nd6+ 65. Kxe5 Nxb7 66. Kxf4 1/2-1/2

[Event "Late-Titled-Tuesday-Blitz-October-03-2023"]
[Site "Chess.com"]
[Date "2023.10.03"]
[Round "3"]
[White "dedpihto_v_kozhanom_palto"]
[Black "Krakozia"]
[Result "1-0"]
[WhiteElo "2715"]
[BlackElo "2988"]
[TimeControl "180+1"]
[EndTime "14:27:41 PDT"]
[Termination "dedpihto_v_kozhanom_palto won on time"]

1. c4 c5 2. e3 Nf6 3. d4 cxd4 4. exd4 d5 5. Nf3 g6 6. Nc3 Bg7 7. cxd5 Nxd5 8. Bb5+ Nc6 9. O-O O-O 10. h3 Nc7 11. Bxc6 bxc6 12. Bg5 Ne6 13. Be3 Rb8 14. Qc2 Bb7 15. Rfd1 Qc8 16. Rac1 Rd8 17. Na4 c5 18. Qe2 Bxf3 19. Qxf3 Nxd4 20. Bxd4 Bxd4 21. Nxc5 Bxc5 22. Rxd8+ Qxd8 23. Rxc5 Rxb2 24. Qc3 Rb1+ 25. Kh2 Qd6+ 26. g3 f6 27. Rc8+ Kg7 28. Qc4 Qe5 29. Qg8+ Kh6 30.
Qf8+ Kh5 31. Rc4 Qe2 32. Rh4+ Kg5 33. Qh6+ Kf5 34. Qf4+ Ke6 35. Rxh7 Qe1 36. Qc4+ Kd6 37. Qd4+ Kc6 38. Qc4+ Kb6 39. Qd4+ Ka6 40. Qd3+ Ka5 41. Qd5+ Ka4 42. Rh4+ Ka3 43. Qd3+ Kb2 44. Qd4+ Kc2 45. Qc4+ Kb2 46. Qd4+ Kc2 47. Qc4+ Qc3 48. Qe2+ Kc1 49.
Rc4 Qxc4 50. Qxc4+ Kd2 51. Qd4+ Kc2 52. Qe4+ Kb2 53. Qxe7 Kxa2 54. Qxa7+ Kb2 55. Qd4+ Kc2 56. Qxf6 Kd2 57. Qxg6 Rf1 58. Qf5 Ra1 59. Kg2 Ke2 60.
Qe5+ Kd2 61. Qxa1 1-0

[Event "Late-Titled-Tuesday-Blitz-October-03-2023"]
[Site "Chess.com"]
[Date "2023.10.03"]
[Round "3"]
[White "vanyakuba"]
[Black "campochess"]
[Result "1-0"]
[WhiteElo "2378"]
[BlackElo "2136"]
[TimeControl "180+1"]
[EndTime "14:27:41 PDT"]
[Termination "vanyakuba won on time"]

1. e4 c5 2. c3 e6 3. d4 cxd4 4. cxd4 Nf6 5. e5 Nd5 6. Nf3 d6 7. Bd3 Nc6 8. O-O Be7 9. a3 dxe5 10. dxe5 Bd7 11. Qe2 O-O 12. Qe4 g6 13. Bh6 Re8 14.
h4 f5 15. exf6 Bxf6 16. h5 Nde7 17. Nc3 Qa5 18. Nb5 Nf5 19. Bd2 Qd8 20. g4 Nfe7 21. Nd6 Rf8 22. Bh6 Qa5 23. Bxf8 Rxf8 24. Bc4 Qc7 25.
Bxe6+ Kg7 26. Rad1 Bxe6 27. Qxe6 Nd8 28. Qe4 Qc6 29. Qxc6 bxc6 30. b3 Bb2 31. Kg2 Nd5 32. Ne4 Bxa3 33. Kg3 Be7 34. g5 Ne6 35. h6+ Kg8 36.
Rfe1 Rf5 37. Nf6+ Nxf6 38. gxf6 Rxf6 39. Rd7 Bb4 40. Red1 Nf8 41. Rd8 Kf7 42. Ra8 a5 43. Ra7+ Ke6 44. Ng5+ Kf5 45. f4 Ne6 46. Nxh7 Nc5 47.
Rf1 Rd6 48. Ng5 Rd3+ 49. Rf3 Rd1 50. h7 Rh1 51. Nh3 Be1+ 52. Kg2 Rxh3 53. Rxh3 Bc3 54. h8=Q Bxh8 55. Rxh8 Kxf4 56. Rxa5 Nxb3 57. Ra4+ Kf5 58. Rb4 Nd2 59. Rf8+ 1-0

[Event "Late-Titled-Tuesday-Blitz-October-03-2023"]
[Site "Chess.com"]
[Date "2023.10.03"]
[Round "3"]
[White "Macron20hTF1"]
[Black "wild3000"]
[Result "1-0"]
[WhiteElo "2610"]
[BlackElo "2423"]
[TimeControl "180+1"]
[EndTime "14:27:42 PDT"]
[Termination "Macron20hTF1 won by resignation"]

1. Nf3 d5 2. e3 g6 3. c4 c6 4. Nc3 Bg7 5. d4 Nf6 6. h3 O-O 7. Bd3 dxc4 8. Bxc4 b5 9. Bb3 a6 10. O-O Bb7 11. Ne5 Nbd7 12. Qf3 Qc7 13. Nxd7 Nxd7 14. a4 e6 15. axb5 cxb5 16. Qe2 Nb6 17. Bd2 Rac8 18. Rfc1 Nc4 19. Be1 e5 20. dxe5 Qxe5 21.
Nd1 Qd5 22. f3 Rfd8 23. e4 Qd3 24. Qxd3 Rxd3 25. Bc3 Bxc3 26. bxc3 Kg7 27. Bxc4 bxc4 28. Rcb1 Rc7 29. Ra3 f5 30. Nb2 fxe4 31. Nxd3 exd3 32. Kf2 h5 33. h4 Re7 34. Re1 Rd7 35. Ke3 Kf6 36.
Ra5 Rd6 37. Kd2 Bd5 38. Rea1 Bf7 39. Rxa6 Rxa6 40. Rxa6+ Kg7 41. g4 hxg4 42. fxg4 Kh6 43. Ra5 Kg7 44. g5 Kg8 45. Ra7 Kg7 46. Ke3 Kg8 47.
Rd7 Be6 48. Rd6 Kf7 49. Kd4 Ke7 50. Ke5 Bf7 51. Rd4 Bg8 52. Kf4 Be6 53. Ke5 Bf7 54. Rd6 Be8 55. Ra6 Bf7 56. Kd4 Be6 57. Ra7+ Bd7 58.
Ke3 Kd6 59. Ra6+ Bc6 60. h5 gxh5 61. Rxc6+ Kxc6 62. g6 Kb5 63. g7 Ka4 64. g8=Q Kb3 65. Kd2 h4 66. Qg4 1-0

[Event "Late-Titled-Tuesday-Blitz-October-03-2023"]
[Site "Chess.com"]
[Date "2023.10.03"]
[Round "3"]
[White "KaydenTroffChess"]
[Black "adricalderon8"]
[Result "1/2-1/2"]
[WhiteElo "2746"]
[BlackElo "2504"]
[TimeControl "180+1"]
[EndTime "14:27:44 PDT"]
[Termination "Game drawn by agreement"]

1. d4 Nf6 2. Nf3 b6 3. Bf4 Bb7 4. Nbd2 g6 5. e3 Bg7 6. h4 O-O 7. Bd3 c5 8. h5 d6 9. Ng5 cxd4 10.
Nde4 Bxe4 11. Nxe4 d5 12. Nxf6+ exf6 13. hxg6 fxg6 14.
exd4 Nc6 15. c3 Re8+ 16. Kf1 f5 17. Qf3 Qd7 18. Bb5 a6 19. Ba4 Rad8 20. Qh3 h5 21.
Qg3 Kf7 22. Kg1 b5 23. Bc2 Rc8 24. Bd3 b4 25. Bxa6 Ra8 26. Bd3 bxc3 27. bxc3 Ra3 28. Rc1 Rxa2 29. Qf3 Qe6 30. Rb1 Ra3 31. Rb7+ Re7 32.
Rxe7+ Nxe7 33. Bd2 Ra1+ 34. Kh2 Rxh1+ 35. Kxh1 Bf6 36.
Qf4 g5 37. Qf3 Kg6 38. Kg1 Nc8 39. Qe3 Qxe3 40. Bxe3 Nd6 41. Kf1 Ne4 42. c4 dxc4 43. Bxc4 f4 44. Bd3 Kf5 45. Ke2 fxe3 46. Kxe3 h4 47. Bxe4+ Ke6 48. Kd3 Kd6 49. d5 Be5 50. Ke3 Bf4+ 51. Kf3 Ke5 52. g3 hxg3 53. fxg3 Bc1 54.
g4 Bf4 55. Bf5 Kd6 56. Bg6 Bc1 57. Bf5 Bf4 58. Ke4 Bc1 59. Kd4 Bf4 60. Kc4 Bc1 61. Be6 Bf4 62. Kb5 Bc1 63. Kb6 Bf4 64. Kb7 Bc1 65.
Kc8 Bf4 66. Kd8 Bc1 67. Ke8 Bf4 68. Kf7 Bc1 69. Kg6 Bf4 70. Kh6 Bc1 71. Kg7 Bf4 72.
Kg6 Bc1 73. Kh7 Bf4 74. Kh6 Bc1 75. Kg6 Bf4 76. Kf5 Bc1 77. Ke4 Bf4 78. Kd3 Bc1 79.
Ke2 Bf4 80. Kd1 Be5 81. Ke1 Bf4 82. Kf2 Be5 83. Kf3 Bf4 84. Ke4 Bc1 85. Kd3 Bf4 86.
Kd4 Bc1 87. Kd3 Bf4 88. Ke4 Bc1 89. Kd4 1/2-1/2

[Event "Late-Titled-Tuesday-Blitz-October-03-2023"]
[Site "Chess.com"]
[Date "2023.10.03"]
[Round "3"]
[White "Elbebiber"]
[Black "littlepinkyboy"]
[Result "1/2-1/2"]
[WhiteElo "2154"]
[BlackElo "2417"]
[TimeControl "180+1"]
[EndTime "14:27:46 PDT"]
[Termination "Game drawn by repetition"]

1. f4 d5 2. Nf3 Nf6 3. e3 c5 4. b3 Nc6 5. Bb5 a6 6. Bxc6+ bxc6 7. Bb2 e6 8. Ne5 Bb7 9. O-O Bd6 10. Qe2 O-O 11.
d3 Nd7 12. Nd2 f6 13. Nxd7 Qxd7 14. e4 Bc7 15. g3 Rfe8 16. Rae1 a5 17. a4 Ba6 18.
Kg2 e5 19. f5 Rab8 20. Bc3 Qf7 21. g4 g5 22. fxg6 Qxg6 23. h3 h5 24. Kh2 hxg4 25.
Qxg4 Qxg4 26. hxg4 Kg7 27. Kg3 Kg6 28. Rh1 Rh8 29.
Nf3 c4 30. dxc4 dxc4 31. bxc4 Bxc4 32. Nh4+ Kf7 33. Nf5 Be6 34. Rxh8 Rxh8 35. Rd1 Bxf5 36. gxf5 Ke7 37. Rd2 Rg8+ 38. Kf3 Rh8 39. Rg2 Rh3+ 40. Rg3 Rxg3+ 41. Kxg3 Kd6 42. Kf3 Kc5 43. Ke3 Kc4 44.
Kd2 Bb6 45. Bb2 Kb4 46. Kd3 c5 47. c4 Kxa4 48. Kc3 Bd8 49. Bc1 Be7 50. Be3 Bf8 51.
Bd2 Ka3 52. Kc2 a4 53. Bc3 Ka2 54. Bd2 Bg7 55. Bc3 Bh6 56. Be1 a3 57. Bc3 Be3 58.
Ba5 Bg5 59. Bb6 Be3 60. Bd8 Bg5 61. Bb6 Be3 62. Bd8 Bg5 63. Bb6 1/2-1/2

[Event "Late-Titled-Tuesday-Blitz-October-03-2023"]
[Site "Chess.com"]
[Date "2023.10.03"]
[Round "3"]
[White "Hikaru"]
[Black "Kosak12"]
[Result "1-0"]
[WhiteElo "3271"]
[BlackElo "2795"]
[TimeControl "180+1"]
[EndTime "14:27:47 PDT"]
[Termination "Hikaru won on time"]

1. Nf3 d5 2. c4 d4 3. e4 c5 4. d3 Nc6 5. g3 e5 6. Bg2 Bd6 7. O-O Nge7 8. a3 a5 9. Nbd2 a4 10. Nh4 f6 11. f4 Qc7 12. Qh5+ g6 13. Nxg6 Nxg6 14. f5 Qg7 15. Nf3 Ke7 16. Bh6 Qg8 17. fxg6 hxg6 18. Qh4 g5 19. Qh5 Be6 20. Nxg5 fxg5 21.
Qxg5+ Qxg5 22. Bxg5+ Kd7 23. Rf2 Rag8 24. Bd2 Rf8 25.
Bf3 Bh3 26. Re1 Bc7 27. Bd1 Rxf2 28. Kxf2 Rf8+ 29. Kg1 Ba5 30. Bxa5 Nxa5 31. Bxa4+ Kd6 32. Bd1 Nc6 33. Be2 Na5 34. Bf1 Bd7 35. b4 Nb3 36. Re2 Ra8 37. bxc5+ Nxc5 38. Ra2 Ba4 39. h4 Bb3 40.
Rf2 Rxa3 41. h5 Ra8 42. Be2 Bc2 43. Rf3 Ne6 44. Rf6 Ke7 45. Rf5 Kd6 46. Kf2 Rh8 47.
Ke1 Ba4 48. g4 Be8 49. Kd2 Nf4 50. c5+ Ke6 51. Bd1 Bb5 52. Bb3+ Kd7 53. Rxe5 Nxd3 54. Rd5+ Kc6 55. Rxd4 Nxc5 56. Bc2 Ne6 57. Rd5 Bc4 58. Rf5 Nd4 59. Rf6+ Kc5 60. Bd1 Rd8 61. Ke3 Nc6 62. Bf3 Ne5 63. h6 Rd3+ 64. Kf4 Nxf3 65. h7 Nd4 66.
h8=Q Rf3+ 67. Kg5 1-0

[Event "Late-Titled-Tuesday-Blitz-October-03-2023"]
[Site "Chess.com"]
[Date "2023.10.03"]
[Round "3"]
[White "onnoelgersma"]
[Black "Veiso"]
[Result "1/2-1/2"]
[WhiteElo "2550"]
[BlackElo "2379"]
[TimeControl "180+1"]
[EndTime "14:27:50 PDT"]
[Termination "Game drawn - insufficient material"]

1. e4 c5 2. Nf3 d6 3. Bb5+ Bd7 4. a4 Nf6 5. Nc3 a6 6. Bxd7+ Qxd7 7. O-O Nc6 8. Re1 e5 9. d3 b6 10. Bg5 Be7 11. Nd2 O-O 12. Nc4 Rab8 13. Ne3 b5 14. axb5 axb5 15. Bxf6 Bxf6 16. Ncd5 Bd8 17. c3 Ne7 18. Nxe7+ Bxe7 19. Nf5 g6 20.
Qg4 Kh8 21. Ne3 Qxg4 22. Nxg4 Ra8 23. Ne3 Bg5 24. Nd5 b4 25. g3 bxc3 26. bxc3 Rxa1 27. Rxa1 Rb8 28. h4 Bd2 29. Ra2 Rb1+ 30. Kg2 Be1 31. Kf3 Rc1 32. c4 Rb1 33. g4 h6 34.
g5 hxg5 35. hxg5 Kg7 36. Nf6 Rb8 37. Ra1 Bd2 38. Kg4 Rh8 39. Rd1 Bf4 40. Nd5 Rh2 41. Nxf4 exf4 42. Rd2 f6 43. gxf6+ Kxf6 44. Kxf4 Rh4+ 45.
Ke3 g5 46. Ra2 Rh3+ 47. Ke2 g4 48. Ra8 g3 49. f4 Rh2+ 50. Ke3 g2 51. Rg8 Rh3+ 52.
Ke2 Rh4 53. f5 Rh2 54. Kf3 Rh3+ 55. Kf4 Rh4+ 56. Kf3 Rh3+ 57. Kf2 Rxd3 58. Kxg2 Rd4 59. Rg6+ Ke7 60. Re6+ Kd7 61. Kf3 Rxc4 62. Kf4 d5 63. Ke5 Rxe4+ 64. Kxd5 Rxe6 65. fxe6+ Ke7 66. Kxc5 Kxe6 1/2-1/2

[Event "Late-Titled-Tuesday-Blitz-October-03-2023"]
[Site "Chess.com"]
[Date "2023.10.03"]
[Round "3"]
[White "The_Princess_Moon"]
[Black "Bilan_Danila"]
[Result "0-1"]
[WhiteElo "2298"]
[BlackElo "2536"]
[TimeControl "180+1"]
[EndTime "14:27:51 PDT"]
[Termination "Bilan_Danila won by checkmate"]

1. e4 c6 2. d4 d5 3. exd5 cxd5 4. h3 Bf5 5. Nf3 Nc6 6. Bd3 Bg6 7. O-O e6 8. Re1 Nf6 9. c4 Bb4 10. Nc3 O-O 11.
Bg5 dxc4 12. Bxc4 Ne7 13. Rc1 Rc8 14. Qb3 Qa5 15. Bxf6 gxf6 16. a3 Bxc3 17. Rxc3 Rc7 18. Qa2 b5 19. Bxe6 Rxc3 20. bxc3 fxe6 21. Qxe6+ Rf7 22. Qd7 Qxa3 23. d5 Nf5 24. Qxb5 Qxc3 25. d6 Nxd6 26. Qb8+ Nc8 27. Re8+ Rf8 28. Rxf8+ Kxf8 29. Qb5 Qc1+ 30. Kh2 Qc7+ 31. g3 Ne7 32. Nh4 Kg7 33. Qa4 a5 34. Kg1 Qc1+ 35. Kh2 Qc5 36. Qf4 Qe5 37. Qg4 Qc5 38. Qf3 a4 39. Ng2 a3 40. Nf4 Qd6 41. Qg4 f5 42.
Qg5 Qf6 43. Nh5+ Kf7 44. Nxf6 a2 45. Nxh7 a1=Q 46. Nf8 Kxf8 47. Qh6+ Kf7 48. Qf4 Qf6 49. h4 Bh5 50. f3 Bg6 51. Kh3 Nd5 52. Qc4 Qe6 53.
h5 f4+ 54. g4 Bxh5 55. Kh4 Bg6 56. Qd4 Qf6+ 57. Qxf6+ Kxf6 58. g5+ Kf5 59. Kh3 Kxg5 60.
Kg2 Bh5 61. Kh2 Ne3 62. Kh3 Bxf3 63. Kh2 Be4 64. Kh3 Bf5+ 65. Kh2 Kg4 66. Kh1 Nd5 67. Kg1 Kf3 68. Kf1 Kg3 69. Kg1 Bh3 70. Kh1 f3 71. Kg1 f2+ 72. Kh1 f1=Q# 0-1

[Event "Late-Titled-Tuesday-Blitz-October-03-2023"]
[Site "Chess.com"]
[Date "2023.10.03"]
[Round "3"]
[White "Rozhkov_V"]
[Black "Verony64"]
[Result "1-0"]
[WhiteElo "2442"]
[BlackElo "2223"]
[TimeControl "180+1"]
[EndTime "14:27:51 PDT"]
[Termination "Rozhkov_V won by checkmate"]

1. c4 e5 2. g3 d6 3. Bg2 c6 4. Nc3 f5 5. d3 Nf6 6. Rb1 Be7 7. b4 O-O 8. b5 Be6 9. Nf3 h6 10. O-O Qe8 11. bxc6 bxc6 12. Ba3 Nbd7 13. Qa4 Nb6 14. Qa5 Bd8 15. Qb4 c5 16. Qb3 e4 17. Nd2 Rb8 18. dxe4 fxe4 19. Ncxe4 Nxe4 20. Bxe4 Bh3 21. Rfe1 Bg5 22. e3 Qf7 23. f4 Bf6 24. Qd3 Rbd8 25. Bb2 Be6 26. Bxf6 Qxf6 27. a4 Nxa4 28. Ra1 Nb6 29.
Rxa7 Rfe8 30. Rb1 Re7 31. Rxe7 Qxe7 32. Rxb6 Bh3 33. Rb7 Qf6 34. Qd5+ Kh8 35. Qd3 Qa1+ 36. Rb1 Qa5 37. Bd5 Rf8 38. Nf3 Qd8 39. Be4 Qf6 40. Rd1 Bg4 41. Qxd6 Qb2 42. Qd2 Qf6 43.
Re1 Rg8 44. Bd5 Rf8 45. Kg2 h5 46. h3 Bf5 47. Ng5 g6 48. e4 Bd7 49. e5 Qd8 50. Kh2 Bf5 51. Qe2 Kg7 52. e6 Qe7 53.
Qe5+ Rf6 54. Be4 h4 55. Bxf5 gxf5 56. gxh4 Kg6 57. Rg1 Kh5 58. Nf7 Rxf7 59. Rg5+ Kh6 60. exf7 Qxf7 61. Qh8+ Qh7 62. Rh5+ Kg6 63. Qxh7+ Kf6 64.
Rxf5+ Ke6 65. Qf7+ Kd6 66. Rf6# 1-0

[Event "Late-Titled-Tuesday-Blitz-October-03-2023"]
[Site "Chess.com"]
[Date "2023.10.03"]
[Round "3"]
[White "Aswathchess"]
[Black "kuli4ik"]
[Result "0-1"]
[WhiteElo "2613"]
[BlackElo "2924"]
[TimeControl "180+1"]
[EndTime "14:27:52 PDT"]
[Termination "kuli4ik won by resignation"]

1. d4 g6 2. c4 Bg7 3. g3 d6 4. Bg2 Nd7 5. Nf3 e5 6. O-O Ne7 7. Nc3 O-O 8. e4 exd4 9. Nxd4 Nc6 10. Be3 Nde5 11. b3 Ng4 12. Nxc6 Nxe3 13. Qd3 bxc6 14. Qxe3 Re8 15. Rad1 Qf6 16. Na4 c5 17. Qd2 Qe5 18.
Qa5 Bd7 19. Qxc7 Bxa4 20. bxa4 Rad8 21. Qxa7 Ra8 22. Qd7 Red8 23. Qc6 Rdc8 24. Qxd6 Qxd6 25. Rxd6 Rxa4 26. Rfd1 Bd4 27. Rd2 Rxc4 28. Bf1 Rc1 29. Kg2 Kg7 30. a4 Ra1 31. Bb5 h5 32. Rd7 Rf8 33.
h4 Kf6 34. Ra7 Kg7 35. Bc4 Rc1 36. Bd5 Bc3 37. Rd3 Bb4 38. Rf3 c4 39. Raxf7+ Rxf7 40. Rxf7+ Kh6 41. Rc7 c3 42. Bg8 g5 43. hxg5+ Kxg5 44. f4+ Kf6 45. e5+ Kf5 46. Bh7+ Ke6 47. Bg8+ Kf5 48.
Bb3 h4 49. Kf3 h3 50. Rf7+ Kg6 51. f5+ Kg5 52. Rh7 Kxf5 53. Rh5+ Kg6 54. Rxh3 c2 55.
Ke2 Re1+ 56. Kf2 c1=Q 0-1

[Event "Late-Titled-Tuesday-Blitz-October-03-2023"]
[Site "Chess.com"]
[Date "2023.10.03"]
[Round "3"]
[White "GlavkonVVS"]
[Black "Walter_White_Poland"]
[Result "0-1"]
[WhiteElo "2586"]
[BlackElo "2299"]
[TimeControl "180+1"]
[EndTime "14:27:56 PDT"]
[Termination "Walter_White_Poland won by resignation"]

1. c4 e5 2. Nc3 Nc6 3. g3 d6 4. Bg2 Nf6 5. e3 g6 6. Nge2 Bg7 7. d3 O-O 8. Rb1 a5 9. a3 Bg4 10. h3 Bf5 11. g4 Be6 12. b4 axb4 13. axb4 Ra7 14.
b5 Ne7 15. Ng3 Nd7 16. Nd5 f5 17. O-O c6 18. Nxe7+ Qxe7 19. bxc6 bxc6 20. gxf5 gxf5 21. Nh5 Qh4 22. f4 Nf6 23. Bf3 Qxh3 24. Rb2 Ng4 25.
Nxg7 Rxg7 26. Rg2 Rf6 27. Bxg4 Rxg4 28. Rxg4+ fxg4 29. Qe2 exf4 30. Rxf4 Rxf4 31. exf4 g3 32. Bb2 d5 33. c5 h5 34. Bf6 h4 35. Bxh4 Qh2+ 36.
Qxh2 gxh2+ 37. Kxh2 Bf5 38. d4 Kf7 39. Kg3 Ke6 40. Bd8 Be4 41. Kg4 Bf5+ 42. Kg5 Be4 43. Ba5 Bf5 44. Be1 Be4 45. Bh4 Bf5 46. Kh6 Kf7 47. Be1 Be4 48. Kg5 Ke6 49. Ba5 Bf5 50. Bc7 Be4 51. Be5 Bf5 52. Kh6 Kf7 53. Kh5 Be4 54. Kg5 Ke6 55. Bh8 Bf5 56. Kh6 Kf7 57. Bg7 Be4 58. Be5 Bf5 59. Kg5 Ke6 60. Bc7 Be4 61.
f5+ Bxf5 62. Kh6 Be4 63. Kg7 Kd7 64. Bg3 Bd3 65. Kf6 Bc4 66. Ke5 Bb5 67. Bh4 Bc4 68. Bg5 Bb5 69. Bf6 Bc4 70. Bg7 Bb5 71. Bf8 Bc4 72.
Bd6 Bb5 73. Kf4 Bc4 74. Ke3 Bb5 75. Kd2 Bc4 76. Kc3 Bb5 77. Kb4 Ke6 78. Ka5 Kf5 79.
Kb6 Ke4 80. Kc7 Kxd4 81. Be7 Kc3 82. Kd6 d4 83. Bf6 Kc4 84. Bg5 d3 85. Bd2 Kb3 86.
Ke5 Kc2 87. Bf4 d2 88. Bxd2 Kxd2 89. Kd6 Kc3 90. Kc7 Kc4 91. Kb6 Kb4 0-1

[Event "Late-Titled-Tuesday-Blitz-October-03-2023"]
[Site "Chess.com"]
[Date "2023.10.03"]
[Round "3"]
[White "stolencandy13"]
[Black "AsaHoffmann"]
[Result "1-0"]
[WhiteElo "2579"]
[BlackElo "2372"]
[TimeControl "180+1"]
[EndTime "14:28:00 PDT"]
[Termination "stolencandy13 won by resignation"]

1. d4 Nf6 2. Bf4 d6 3. e3 b6 4. Nc3 Bb7 5. Nf3 Nbd7 6. Bc4 e6 7. O-O Nh5 8. Bg5 Be7 9. Bxe7 Qxe7 10. a4 a6 11. Qe2 O-O 12. Rad1 g6 13. Rfe1 c5 14.
Qd2 Rad8 15. e4 Qf6 16. Qh6 Qg7 17. Qg5 Qf6 18. Qh6 Qg7 19. Qe3 Qf6 20. e5 dxe5 21. dxe5 Qf4 22. Qxf4 Nxf4 23. Ne4 Nh5 24. g4 Nf4 25. Rxd7 Bxe4 26. Rxe4 Nh3+ 27. Kg2 Rxd7 28. Kxh3 a5 29. Rf4 Rfd8 30. Ng5 Rd4 31. Rxd4 Rxd4 32. b3 h6 33. Nf3 Rd1 34. Kg3 Kg7 35. h4 Rc1 36.
Bd3 f6 37. exf6+ Kxf6 38. Nd2 Ke5 39. Nc4+ Kd4 40. Nxb6 g5 41. hxg5 hxg5 42. Nc4 e5 43. f3 Re1 44. Nxa5 Ra1 45. Nc6+ Kc3 46. Nxe5 c4 47.
Nxc4 Rg1+ 48. Kf2 Rd1 49. Ne5 Rd2+ 50. Ke3 Rd1 51. Nf7 Re1+ 52. Kf2 Ra1 53. Nxg5 Kd4 54. Ne6+ Ke5 55. Bf5 Ra2 56. Ke3 Kf6 57. Kf4 Ke7 58.
g5 Kf7 59. Nd4 Kg7 60. Bd3 Kf7 61. g6+ Kf6 62. Ke3 Ra1 63. b4 Rxa4 64. b5 Rb4 65. c3 Rb2 66. Ke4 Kxg6 67. Kd5+ Kf6 68. Kc5 Ke5 69. c4 Rd2 70. Nc6+ Ke6 71. Be4 Kd7 72. b6 Rb2 73. b7 Kc7 74. b8=Q+ Rxb8 75. Nxb8 Kxb8 76.
Kd6 Kc8 77. Ke7 Kc7 78. f4 Kb6 79. f5 Kc5 80. f6 1-0

[Event "Late-Titled-Tuesday-Blitz-October-03-2023"]
[Site "Chess.com"]
[Date "2023.10.03"]
[Round "3"]
[White "valemava"]
[Black "Marasmus01"]
[Result "1/2-1/2"]
[WhiteElo "2290"]
[BlackElo "2509"]
[TimeControl "180+1"]
[EndTime "14:28:03 PDT"]
[Termination "Game drawn by repetition"]

1. Nf3 Nf6 2. c4 g6 3. b3 Bg7 4.
Bb2 O-O 5. g3 c5 6. Bg2 Nc6 7.
O-O b6 8. a3 Bb7 9. Ra2 e6 10.
d4 cxd4 11. Nxd4 Na5 12. Nb5 Bxg2 13. Kxg2 d5 14. cxd5 Qxd5+ 15. Qxd5 Nxd5 16. Bxg7 Kxg7 17. b4 Nc4 18. Rc1 Rfc8 19. Kg1 a6 20. Nd4 b5 21. h4 Ndb6 22. Kg2 Na4 23. Rac2 Rd8 24. e3 e5 25. Nc6 Re8 26. Na5 Nab6 27. Nxc4 Nxc4 28. a4 Rad8 29. axb5 axb5 30. Nc3 Rb8 31. Ne4 Red8 32. Nc5 Rb6 33. Ra1 Rbd6 34. Ra7 Kf8 35. Rca2 Rd2 36. Rxd2 Rxd2 37. Kf3 f5 38. e4 Rb2 39. Nd7+ Ke8 40. Nf6+ Kd8 41. Nxh7 Rb3+ 42. Kg2 fxe4 43. Nf6 e3 44. fxe3 Nxe3+ 45. Kg1 Nf5 46. g4 Nxh4 47. Rd7+ Kc8 48. Re7 Rxb4 49. Nd5 Rd4 50.
Ne3 g5 51. Kf2 Rf4+ 52. Ke2 Re4 53. Kd3 Rd4+ 54. Ke2 e4 55. Re5 Nf3 56. Rxb5 Rd2+ 57. Kf1 Rd3 58. Ng2 e3 59. Ke2 Nd4+ 60. Kxd3 Nxb5 61. Kxe3 Kd7 62. Ke4 Ke6 63. Nf4+ gxf4 64. Kxf4 Nd6 65. g5 Kf7 66. g6+ Kg7 67. Kg5 Ne8 68. Kf5 Nf6 69. Kg5 Ne4+ 70. Kf5 Nd6+ 71. Kg5 Ne8 72. Kf5 Nf6 73. Kg5 Ne8 1/2-1/2